 Dungeon Crawl Stone Soup version 0.26.1 (webtiles) character file.

Game seed: 8487120223478189866

213 pokeman the Magician (level 5, -2/29 HPs)
             Began as a Deep Elf Hedge Wizard on Feb 6, 2021.
             Killed by miscasting Mephitic Cloud (8 damage)
             ... on level 3 of the Dungeon.
             The game lasted 00:07:36 (3602 turns).

pokeman the Magician (Deep Elf Hedge Wizard)        Turns: 3602, Time: 00:07:37

Health: -2/29      AC:  4    Str:  7    XL:     5   Next: 59%
Magic:  9/15       EV: 12    Int: 20    God:
Gold:   179        SH:  0    Dex: 14    Spells: 5/16 levels left

rFire    . . .     SeeInvis +   x - +1 hand axe (vorpal)
rCold    . . .     Faith    .   (no shield)
rNeg     . . .     Spirit   .   j - +0 leather armour (curse)
rPois    .         Reflect  .   c - +0 hat
rElec    .         Harm     .   s - +0 cloak
rCorr    .         Rampage  .   (no gloves)
Will     .....                  (no boots)
Stlth    ++........             f - amulet of magic regeneration
HPRegen  0.09/turn              u - ring of see invisible
MPRegen  0.39/turn              (no ring)

@: lethally poisoned (-2 -> -6), very slightly contaminated
A: no striking features
a: no special abilities


You were on level 3 of the Dungeon.
You visited 1 branch of the dungeon, and saw 3 of its levels.

You collected 179 gold pieces.

Inventory:

Hand Weapons
 x - a +1 vorpal hand axe (weapon)
Missiles
 o - 20 arrows
Armour
 c - a +0 hat (worn)
 j - a cursed +0 leather armour (worn)
 s - a +0 cloak (worn)
 y - a +0 buckler
Jewellery
 f - an amulet of magic regeneration (around neck)
 u - a ring of see invisible (left hand)
Scrolls
 a - 2 scrolls of fear {unknown}
 e - 2 scrolls of enchant weapon {unknown}
 g - 2 scrolls of fog {unknown}
 h - 7 scrolls of identify {unknown}
 l - 2 scrolls of magic mapping {unknown}
 q - 2 scrolls of blinking {unknown}
 t - 3 scrolls of teleportation {unknown}
 v - a scroll of amnesia {unknown}
 w - a scroll of enchant armour {unknown}
Potions
 b - 5 potions of curing
 d - a potion of might {unknown}
 i - 2 potions of brilliance {unknown}
 k - 2 potions of mutation {unknown}
 m - a potion of ambrosia {unknown}
 n - 2 potions of heal wounds
 p - a potion of attraction {unknown}
 r - a potion of magic {unknown}


   Skills:
 - Level 1.0 Fighting
 - Level 1.0 Armour
 - Level 3.0 Dodging
 + Level 2.7 Stealth
 - Level 1.0 Shields
 * Level 6.4 Spellcasting
 + Level 2.8 Conjurations
 - Level 1.1 Summonings
 - Level 1.1 Translocations
 - Level 1.0 Fire Magic
 + Level 0.0 Air Magic


You had 5 spell levels left.
You knew the following spells:

 Your Spells              Type           Power        Failure   Level
a - Magic Dart            Conj           68%          4%          1
b - Mephitic Cloud        Conj/Pois/Air  10%          30%         3
c - Call Imp              Summ           10%          14%         2
d - Blink                 Tloc           N/A          14%         2
e - Conjure Flame         Conj/Fire      14%          21%         3

Your spell library contained the following spells:

 Spells                   Type           Power        Failure   Level
 Slow                     Hex            6%           22%         2


Dungeon Overview and Level Annotations

Branches:
Dungeon (3/15)

Altars:


Message History

You kill the orc!
The orc misses you.
The orc wizard mumbles some strange words.
The orc wizard blinks!
You slash the orc!
You kill the orc!
The orc wizard casts a spell at you. The magic dart hits you.
* * * LOW HITPOINT WARNING * * *
Unknown command.
Items here: )) ††.
Casting: Mephitic Cloud (extremely dangerous; 30% risk of failure)
Confirm with . or Enter, or press ? or * to list all spells.
The spell is extremely dangerous to cast (30% risk of failure)!
Continue anyway?
Aiming: Mephitic Cloud (extremely dangerous; 30% risk of failure)
Press: ? - help, Shift-Dir - straight line, f - orc wizard
Aim: an orc wizard, wielding a +0 dagger and wearing a +0 robe (fast)
You miscast Mephitic Cloud.
You feel incredibly sick!
You are poisoned.
You die...

.####...#####.###
.#####.## #.# .....#.#
#.# .###.#.# #.#
.###.#.# #.#
.......######.######.#
####.<...............#
# #.########.########
#.# #...@####### #.#
####)..o.... #.#
######### #.# #.#
####.# .....# ######


You could see an orc wizard (fast).

Vanquished Creatures
  An orc priest (D:3)
  2 orc wizards (D:3)
  An adder (D:2)
  5 worms
  3 dart slugs
  7 orcs (D:3)
  9 bats
  2 giant cockroaches (D:1)
  9 goblins
  12 hobgoblins
  8 kobolds
  2 ball pythons (D:3)
  5 frilled lizards
  9 rats
75 creatures vanquished.

Vanquished Creatures (collateral kills)
  An orc wizard (D:3)
  2 orcs (D:3)
3 creatures vanquished.

Grand Total: 78 creatures vanquished

Notes
Turn   | Place    | Note
-------+----------+-------------------------------------------
     0 | D:1      | pokeman the Deep Elf Hedge Wizard began the quest for the
                  | Orb.
     0 | D:1      | Reached XP level 1. HP: 10/10 MP: 7/7
   226 | D:1      | Reached XP level 2. HP: 16/16 MP: 5/9
   629 | D:1      | Reached skill level 5 in Spellcasting
   811 | D:1      | Reached XP level 3. HP: 20/20 MP: 8/11
   815 | D:1      | Learned a level 3 spell: Mephitic Cloud
   818 | D:1      | Learned a level 2 spell: Call Imp
   821 | D:1      | Learned a level 2 spell: Blink
   825 | D:1      | Learned a level 3 spell: Conjure Flame
  1232 | D:1      | You fall into a shaft and drop 1 floor!
  1440 | D:1      | Reached skill level 1 in Armour
  1547 | D:2      | Reached skill level 1 in Fighting
  1896 | D:2      | Reached XP level 4. HP: 25/25 MP: 8/13
  3226 | D:3      | Reached skill level 6 in Spellcasting
  3226 | D:3      | Reached XP level 5. HP: 29/29 MP: 3/15
  3236 | D:3      | Reached skill level 1 in Shields
  3594 | D:3      | Reached skill level 1 in Fire Magic
  3602 | D:3      | Killed by miscasting Mephitic Cloud

Illustrated notes

Levels and vault maps discovered:
D:1:      dpeg_arrival_simpleton_a, layout_basic, serial_glass, glass_columns_c,
          glass_columns_a, minmay_pentomino_t4
D:2:      layout_loops_corners, serial_aquarium, aquarium_bridge_square
          [aquarium_subvault_bridge, aquarium_subvault_window,
          aquarium_subvault_wall, aquarium_subvault_wall], aquarium_window_2,
          aquarium_window_2, aquarium_window_corner, aquarium_view_2b,
          aquarium_view_2e, aquarium_balcony_1b, aquarium_pool_1
D:3:      layout_loops_ring

Skill      XL: |  1  2  3  4  5 |
---------------+----------------+-----
Spellcasting   | 5 6 |  6.4
Armour         | 1 |  1.0
Fighting       | 1 |  1.0
Conjurations   | 2 |  2.8
Dodging        | 3 |  3.0
Shields        | 1 |  1.0
Fire Magic     | 1 |  1.0
Stealth        | |  2.7
Summonings     | |  1.1
Translocations | |  1.1

Action                   |  1- 3 |  4- 6 || total
-------------------------+-------+-------++-------
Melee: Dagger            |    25 |     5 ||    30
       Hand axe          |       |    27 ||    27
 Cast: Magic Dart        |   136 |    67 ||   203
       Mephitic Cloud    |       |     5 ||     5
       Call Imp          |       |     3 ||     3
  Use: Potion            |       |     1 ||     1
 Stab: Confused          |       |     5 ||     5
Armor: Robe              |     3 |       ||     3
       Leather armour    |     1 |    11 ||    12
Dodge: Dodged            |    38 |    26 ||    64
